 Dungeon Crawl Stone Soup version 0.21.0-3-g78d12a8bdd (webtiles) character file.

322 Gargoyl the Skirmisher (level 6, -5/52 HPs)
             Began as a Centaur Abyssal Knight on Jan 15, 2018.
             Was a Follower of Lugonu.
             Slain by Grinder (6 damage)
             ... on level 4 of the Dungeon.
             The game lasted 00:06:23 (2856 turns).

Gargoyl the Skirmisher (Centaur Abyssal Knight)     Turns: 2856, Time: 00:06:24

Health: -5/52      AC: 13    Str: 17    XL:     6   Next: 22%
Magic:  8/8        EV:  3    Int: 11    God:    Lugonu [*.....]
Gold:   177        SH:  0    Dex: 10    Spells: 5/5 levels left

rFire    . . .     SeeInvis +   a - +1 hand axe
rCold    . . .     Gourm    .   (no shield)
rNeg     . . .     Faith    .   e - +0 plate armour
rPois    .         Spirit   .   b - +0 helmet
rElec    .         Reflect  .   (no cloak)
rCorr    .         Harm     .   f - +0 pair of gloves
MR       .....                  (no barding)
Stlth    ..........             (no amulet)
HPRegen  0.17/turn              (no ring)
MPRegen  0.11/turn              (no ring)

@: very quick
A: large, hooves 3, see invisible, deformed body, speed 2, shaggy fur 2, strong
1, tough skin 3
a: Depart the Abyss, Renounce Religion


You were on level 4 of the Dungeon.
You worshipped Lugonu.
Lugonu was aware of your devotion.
You were not hungry.

You visited 1 branch of the dungeon, and saw 5 of its levels.
You visited the Abyss 1 time.

You collected 237 gold pieces.
You spent 60 gold pieces at shops.

Inventory:

Hand Weapons
 a - a +1 hand axe (weapon)
Armour
 b - a +0 helmet (worn)
 e - a +0 plate armour (worn)
 f - a +0 pair of gloves (worn)
Jewellery
 n - a +3 ring of intelligence {unknown}
Scrolls
 g - 3 scrolls of identify
 i - a scroll of teleportation {unknown}
 k - a scroll of amnesia
Potions
 d - a potion of degeneration
Comestibles
 c - 2 rations
 h - 2 chunks of flesh


   Skills:
 + Level 3.9 Fighting
 + Level 3.3 Axes
 * Level 3.2 Armour
 + Level 0.7 Dodging
 * Level 3.6 Invocations


You had 5 spell levels left.
You didn't know any spells.

Dungeon Overview and Level Annotations

Branches:
Dungeon (5/15)
 Temple: D:4-7

Altars:
Ashenzari

Shops:
D:4 !

Annotations:
D:3 ldierk's ghost, amateur HOFi
D:4 Grinder


Innate Abilities, Weirdness & Mutations

You have hooves in place of feet.
Armour fits poorly on your strangely shaped body.
You cover ground very quickly.
You have extremely tough skin. (AC +3)
You have supernaturally acute eyesight. (SInv)
You are covered in thick fur. (AC +2)
Your muscles are strong. (Str +2)


Message History

Grinder is almost dead.
Grinder hits you.
* * * LOW HITPOINT WARNING * * *
You writhe in agony.
* * * LOW HITPOINT WARNING * * *
Your plate armour prevents you from hitting Grinder.
Your kick misses Grinder.
Grinder is almost dead.
Grinder gestures at you. Pain shoots through your body!
* * * LOW HITPOINT WARNING * * *
You hit Grinder. Your kick misses Grinder.
Grinder is almost dead.
Grinder hits you but does no damage.
Your plate armour prevents you from hitting Grinder.
Grinder is almost dead.
Grinder hits you.
* * * LOW HITPOINT WARNING * * *
You writhe in agony.
You die...

...............# #.............
...............# #..........###
...............+ #..........#
...............# #..........#
...............# #..........#
######.........#####..........#
+....#...........>............#
#....'..............>.........#
#....#..........@5............#
#....#........................#
#....##########...............#
#........# ######..........#
'........# #..........#
#........# #..........#
#........# #...[.######
########## #.....#>..# #
#.....#...##


You could see Grinder.

Vanquished Creatures
  Edmund (D:5)
  An ogre (D:4)
  A bullfrog skeleton (D:3)
  A worker ant (D:4)
  2 adders
  An ooze (D:4)
  2 dart slugs
  A leopard gecko (D:1)
  An orc (D:4)
  A ball python (D:1)
  2 giant cockroaches
  8 goblins
  5 hobgoblins (D:1)
  3 jackals (D:2)
  A kobold (D:1)
  A quokka (D:4)
  7 bats
  2 frilled lizards
  A jackal skeleton (D:4)
  4 rats (D:1)
46 creatures vanquished.

Notes
Turn   | Place    | Note
-------+----------+-------------------------------------------
     0 | Abyss:1  | Gargoyl the Centaur Abyssal Knight began the quest for the Orb.
     0 | Abyss:1  | Reached XP level 1. HP: 19/19 MP: 2/2
     7 | Abyss:1  | Found a corrupted altar of Lugonu.
    48 | Abyss:2  | Gained mutation: You have supernaturally acute eyesight. (SInv) [potion of mutation]
    48 | Abyss:2  | Gained mutation: You are covered in fur. (AC +1) [potion of mutation]
    48 | Abyss:2  | Gained mutation: You are covered in thick fur. (AC +2) [potion of mutation]
    48 | Abyss:2  | Gained mutation: Your muscles are strong. (Str +2) [potion of mutation]
    53 | Abyss:2  | Noticed a wretched star
    54 | D:1      | Escaped the Abyss
   143 | D:1      | Reached XP level 2. HP: 18/26 MP: 3/3
   304 | D:1      | Reached * piety under Lugonu
   563 | D:1      | Reached XP level 3. HP: 31/31 MP: 4/4
  1553 | D:3      | Found a shattered altar of Ashenzari.
  1637 | D:3      | Reached XP level 4. HP: 28/38 MP: 5/5
  1760 | D:3      | Noticed ldierk's ghost (amateur HOFi)
  2215 | D:4      | Found Salyaff's Distillery.
  2223 | D:4      | Bought a potion of heal wounds for 60 gold pieces
  2381 | D:4      | Noticed an ogre
  2396 | D:4      | Killed an ogre
  2396 | D:4      | Reached XP level 5. HP: 20/46 MP: 7/7
  2595 | D:4      | Noticed Grinder
  2604 | D:4      | Paralysed by Grinder for 7 turns
  2612 | D:4      | Noticed Edmund
  2620 | D:4      | Paralysed by Grinder for 6 turns
  2670 | D:5      | Entered Level 5 of the Dungeon
  2692 | D:5      | Killed Edmund
  2692 | D:5      | Reached XP level 6. HP: 29/52 MP: 8/8
  2835 | D:4      | Paralysed by Grinder for 3 turns
  2841 | D:4      | Paralysed by Grinder for 3 turns
  2847 | D:4      | Paralysed by Grinder for 5 turns
  2854 | D:4      | HP: 1/52 [Grinder/nerve-wracking pain (9)]
  2856 | D:4      | Slain by Grinder

Skill      XL: |  1  2  3  4  5 |
---------------+----------------+-----
Armour         | 2 3 |  3.2
Axes           | 2 3 |  3.3
Invocations    | 3 |  3.6
Fighting       | |  3.9
Dodging        | |  0.7

Action                   |  1- 3 |  4- 6 || total
-------------------------+-------+-------++-------
Melee: Hand axe          |   100 |    91 ||   191
       Kick              |    17 |    24 ||    41
Invok: Depart the Abyss  |     1 |       ||     1
  Use: Potion            |     1 |     9 ||    10
       Scroll            |     4 |     3 ||     7
  Eat: Chunk             |     1 |     2 ||     3
       Ration            |       |     1 ||     1
Armor: Plate armour      |   124 |    57 ||   181
Dodge: Dodged            |    22 |    11 ||    33
